 Dungeon Crawl Stone Soup version 0.27-a0-1177-g245c70e1c0 (webtiles) character file.

Game seed: 10476062658299785339

12360 tilp the Fighter (level 11, 0/105 HPs)
             Began as a White Draconian Hedge Wizard on May 16, 2021.
             Was an Elder of Ashenzari.
             Slain by a manticore (6 damage)
             ... on level 11 of the Dungeon.
             The game lasted 00:38:00 (18904 turns).

tilp the Fighter (White Draconian Hedge Wizard)    Turns: 18904, Time: 00:38:00

Health: 0/105      AC: 16    Str: 12    XL:     11   Next: 61%
Magic:  23/25      EV: 15    Int: 18    God:    Ashenzari [****..]
Gold:   634        SH:  0    Dex: 14    Spells: 19/30 levels left

rFire    . . .     SeeInvis +   a - +2 dagger of Ashenzari's Jealousy {venom, Melee, Bglg} (curse)
rCold    + . .     Faith    .   (no shield)
rNeg     . . .     Spirit   .   (armour unavailable)
rPois    .         Reflect  .   g - +2 hat of Ashenzari's Black Moon {Elem, Alch} (curse)
rElec    .         Harm     .   e - +0 cloak "Gaze Upon Infinity" {Melee, Comp} (curse)
rCorr    .         Rampage  .   J - +1 pair of gloves of the Unyielding Gaze {Dex+3, Alch, Melee} (curse)
Will     .....     Clarity  +   (no boots)
Stlth    +++.......             r - amulet "Gaze Upon Infinity" {Acrobat, Alch, Self} (curse)
HPRegen  0.27/turn              c - ring of Apeoromancy {AC+4, Elem, Bglg} (curse)
MPRegen  0.19/turn              (no ring)

@: short of breath, spiked
A: breathe frost, AC +7, unfitting armour, cold resistance 1, cold-blooded
a: Breathe Frost, Renounce Religion, Curse Item, Shatter the Chains


You were on level 11 of the Dungeon.
You worshipped Ashenzari.
Ashenzari was greatly pleased with you.
You visited 2 branches of the dungeon, and saw 12 of its levels.

You collected 634 gold pieces.

Inventory:

Hand Weapons
 a - the cursed +2 dagger of Ashenzari's Jealousy (weapon) {venom, Melee, Bglg}
   (You took it off a goblin on level 1 of the Dungeon)

   It poisons the flesh of those it strikes.
   It has a curse which improves the following skills: Melee Combat: Short
   Blades, Long Blades, Axes, Maces & Flails, Polearms, Staves and Unarmed
   Combat.
   Beguiling: Conjurations, Hexes and Translocations.
 b - a +0 dagger
 v - a +0 scimitar of flaming
 O - a +2 dagger of flaming
Missiles
 j - 38 poisoned darts (quivered)
 p - 9 boomerangs
 w - 5 datura-tipped darts
 C - a throwing net
Armour
 e - the cursed +0 cloak "Gaze Upon Infinity" (worn) {Melee, Comp}
   (You found it on level 5 of the Dungeon)

   It has a curse which improves the following skills: Melee Combat: Short
   Blades, Long Blades, Axes, Maces & Flails, Polearms, Staves and Unarmed
   Combat.
   Companions: Summonings and Necromancy.
 g - the cursed +2 hat of Ashenzari's Black Moon (worn) {Elem, Alch}

   It has a curse which improves the following skills: Elements: Fire Magic, Ice
   Magic, Air Magic and Earth Magic.
   Alchemy:   Poison Magic and Transmutations.
 J - the cursed +1 pair of gloves of the Unyielding Gaze (worn) {Dex+3, Alch, Melee}
   (You found it on level 9 of the Dungeon)

   It has a curse which improves the following skills: Alchemy: Poison Magic and
   Transmutations.
   Melee Combat: Short Blades, Long Blades, Axes, Maces & Flails, Polearms,
   Staves and Unarmed Combat.
Magical Staves
 h - a staff of death
 l - a staff of air
 s - a staff of conjuration
Jewellery
 c - the cursed ring of Apeoromancy (left hand) {AC+4, Elem, Bglg}
   (You found it on level 1 of the Dungeon)

   [ring of protection]

   It affects your AC (+4).
   It has a curse which improves the following skills: Elements: Fire Magic, Ice
   Magic, Air Magic and Earth Magic.
   Beguiling: Conjurations, Hexes and Translocations.
 r - the cursed amulet "Gaze Upon Infinity" (around neck) {Acrobat, Alch, Self}
   (You found it on level 3 of the Dungeon)

   [amulet of the acrobat]

   It increases your evasion while moving and waiting.
   It has a curse which improves the following skills: Alchemy: Poison Magic and
   Transmutations.
   Introspection: Fighting and Spellcasting.
 E - an amulet of regeneration
 H - a ring of ice
Wands
 q - a wand of paralysis (16)
 t - a wand of digging (6)
 B - a wand of mindburst (7)
 F - a wand of iceblast (5)
 K - a wand of polymorph (8)
 N - a wand of charming (7)
Scrolls
 d - a scroll of magic mapping
 f - 3 scrolls of immolation
 n - 3 scrolls of fog
 y - 2 scrolls of enchant weapon
 A - a scroll of amnesia
 I - a scroll of silence
Potions
 i - 4 potions of might
 k - 2 potions of ambrosia
 m - 3 potions of curing
 u - 2 potions of cancellation
 z - 3 potions of lignification
 D - a potion of resistance
 L - a potion of magic
Miscellaneous
 G - a piece from Xom's chessboard (15/15)


   Skills:
 - Level 10.2(12.3) Fighting
 - Level 8.0 Dodging
 - Level 6.0 Stealth
 - Level 7.7(10.0) Spellcasting
 - Level 7.3(10.8) Conjurations
 - Level 1.0(2.3) Summonings
 - Level 2.0(4.6) Translocations
 + Level 2.8(5.7) Ice Magic
 - Level 6.0 Evocations


You had 19 spell levels left.
You knew the following spells:

 Your Spells              Type           Power      Damage    Failure   Level
a - Magic Dart            Conj           100%       1d8       1%          1
b - Apportation           Tloc           50%        N/A       1%          1
c - Corona                Hex            11%        N/A       6%          1
d - Blink                 Tloc           N/A        N/A       1%          2
e - Call Imp              Summ           17%        N/A       4%          2
f - Conjure Flame         Conj/Fire      29%        6-21      2%          3
g - Freeze                Ice            100%       1d11      1%          1

Your spell library contained the following spells:

 Spells                   Type           Power      Damage    Failure   Level
 Summon Small Mammal      Summ           68%        N/A       3%          1
 Gell's Gravitas          Tloc           12%        N/A       3%          3
 Mephitic Cloud           Conj/Pois/Air  23%        N/A       4%          3
 Beastly Appendage        Tmut           22%        N/A       6%          1
 Animate Skeleton         Necr           20%        N/A       7%          1
 Wereblood                Tmut           11%        N/A       9%          2
 Slow                     Hex            10%        N/A       10%         2
 Confusing Touch          Hex            10%        N/A       19%         3
 Spider Form              Tmut/Pois      5%         N/A       19%         3
 Ice Form                 Ice/Tmut       20%        N/A       22%         4
 Petrify                  Tmut/Erth      11%        N/A       52%         4
 Metabolic Englaciation   Hex/Ice        10%        N/A       52%         5
 Leda's Liquefaction      Hex/Erth       5%         N/A       54%         4
 Animate Dead             Necr           5%         N/A       56%         4
 Summon Mana Viper        Hex/Summ       14%        N/A       77%         5
 Alistair's Intoxication  Tmut/Pois      7%         N/A       86%         5
 Hydra Form               Tmut           5%         N/A       86%         5
 Yara's Violent Unravell  Hex/Tmut       5%         3d4       86%         5
 Borgnjor's Vile Clutch   Necr/Erth      5%         N/A       88%         5
 Simulacrum               Ice/Necr       9%         N/A       98%         6
 Shadow Creatures         Summ           N/A        N/A       99%         6
 Death Channel            Necr           5%         N/A       100%        6


Dungeon Overview and Level Annotations

Branches:
Dungeon (11/15)            Temple (1/1) D:5            Lair (0/6) D:8
    Orc (0/2) D:10

Altars:
Ashenzari
Cheibriados
Dithmenos
Elyvilon
Fedhas
Gozag
Hepliaklqana
Kikubaaqudgha
Makhleb
Nemelex Xobeh
Okawaru
Qazlal
Ru
Sif Muna
Trog
Uskayaw
Vehumet
Wu Jian
Xom
Yredelemnul
Zin
The Shining One

Shops:
D:5 :

Portals:
Abyss: D:4

Annotations:
D:2 1 runed translucent door, Crazy Yiuf
D:4 2 transporters
D:6 2 runed translucent doors, polve's ghost, novice DsAK
D:7 2 transporters, kae's ghost, novice DrTm


Innate Abilities, Weirdness & Mutations

You can breathe waves of freezing cold which knock back foes.
Your icy white scales are hard. (AC +7)
You cannot fit into any form of body armour.
Your flesh is cold resistant. (rC+)
You are cold-blooded and may be slowed by cold attacks.


Message History

The manticore bites you!
* * * LOW HITPOINT WARNING * * *
The manticore barely misses you.
The manticore claws you but does no damage.
You hit the manticore.
The manticore looks as sick as possible!
The manticore is heavily wounded.
You hit the manticore.
The manticore looks as sick as possible!
The manticore is severely wounded.
The manticore bites you!
* * * LOW HITPOINT WARNING * * *
The manticore claws you but does no damage.
The manticore closely misses you.
Casting: Blink (safe; 1% risk of failure)
Confirm with . or Enter, or press ? or * to list all spells.
You don't know that spell.
There are no items here.
Casting: Blink (safe; 1% risk of failure)
Confirm with . or Enter, or press ? or * to list all spells.
Aiming: Freeze (safe; 1% risk of failure)
Press: ? - help, Shift-Dir - straight line, f/p - manticore
Aim: a manticore (severely wounded, extremely poisoned)
You freeze the manticore.
The manticore is severely wounded.
The manticore bites you!!
* * * LOW HITPOINT WARNING * * *
The manticore claws you.
* * * LOW HITPOINT WARNING * * *
The manticore claws you.
* * * LOW HITPOINT WARNING * * *
Casting: Freeze (safe; 1% risk of failure)
Confirm with . or Enter, or press ? or * to list all spells.
Aiming: Freeze (safe; 1% risk of failure)
Press: ? - help, Shift-Dir - straight line, f/p - manticore
Aim: a manticore (severely wounded, extremely poisoned)
You freeze the manticore!
The manticore is almost dead.
The manticore misses you. The manticore claws you.
You die...

#.#* , ,, *
#..####...##.. * * **#.*
#............. ,,* , *
#. *##..#####..##.. *,*
, .. .............. *,*
** **#( #..##########.
,* #( #..# #####.
#(####..##########. * *
######H####..##########.
*
.......@................
######.####.############
* * ***
#.####.############ , ,
, , , .. ##.## * ### #.#
###


You could see a manticore (extremely poisoned).

Vanquished Creatures
  Snorg (D:11)
  2 two-headed ogres
  2 cyclopes (D:11)
  A manticore (D:8)
  2 gargoyles
  2 unseen horrors
  4 komodo dragons (D:8)
  A hornet (D:8)
  A wyvern (D:8)
  9 yaks (D:10)
  A steam dragon (D:8)
  A vampire mosquito (D:8)
  Menkaure (D:7)
  An acid dragon (D:9)
  A water moccasin (D:7)
  Duvessa (D:7)
  A hornet zombie (D:6)
  2 ice beasts
  3 ogres
  4 centaurs
  A phantom (D:5)
  Blork the orc (D:4)
  3 kobold brigands
  2 bullfrogs
  4 scorpions
  2 wyvern zombies
  A water moccasin skeleton (D:5)
  8 killer bees
  A howler monkey (D:9)
  7 wights
  3 jellies
  4 centaur zombies
  5 hounds
  3 orc priests
  A gnoll shaman (D:3)
  An iguana (D:5)
  9 orc wizards
  A killer bee zombie (D:7)
  A hound zombie (D:5)
  A howler monkey zombie (D:9)
  16 gnolls
  7 adders
  A shadow imp (D:8)
  2 white imps
  4 worms
  2 dart slugs
  19 orcs
  5 ball pythons
  4 endoplasms
  A giant cockroach (D:4)
  11 goblins
  8 hobgoblins
  7 jackals
  19 kobolds
  2 quokkas
  5 bats
  4 frilled lizards
  7 rats
224 creatures vanquished.

Vanquished Creatures (collateral kills)
  Harold (D:7)
  An ugly thing (D:8)
  Maggie (D:7)
  A vampire (D:10)
  An acid dragon (D:7)
  A bullfrog (D:7)
  Dowan (D:7)
  A jelly (D:5)
  2 hounds (D:5)
  2 orc priests (D:10)
  2 orcs
  A kobold (D:10)
15 creatures vanquished.

Vanquished Creatures (others)
  A bush (D:7)
  16 fungi
  2 plants (D:6)
19 creatures vanquished.

Grand Total: 258 creatures vanquished

Notes
Turn   | Place    | Note
-------+----------+-------------------------------------------
     0 | D:1      | tilp the Draconian Hedge Wizard began the quest for the
                  | Orb.
     0 | D:1      | Reached XP level 1. HP: 14/14 MP: 4/4
   242 | D:1      | Reached XP level 2. HP: 20/20 MP: 3/6
   736 | D:1      | Found a faded altar of an unknown god.
   910 | D:1      | Learned a level 1 spell: Apportation
   912 | D:1      | Learned a level 1 spell: Corona
   915 | D:1      | Learned a level 2 spell: Blink
   918 | D:1      | Learned a level 2 spell: Call Imp
  1348 | D:2      | Reached XP level 3. HP: 26/26 MP: 8/8
  1510 | D:2      | Reached skill level 1 in Fighting
  1751 | D:2      | Reached XP level 4. HP: 35/35 MP: 10/10
  1758 | D:2      | Reached skill level 2 in Fighting
  2311 | D:2      | Found a runed translucent door.
  2312 | D:2      | Noticed Crazy Yiuf
  3286 | D:3      | Reached XP level 5. HP: 41/41 MP: 11/11
  3766 | D:4      | Reached skill level 5 in Spellcasting
  4129 | D:4      | Found a sacrificial altar of Ru.
  4315 | D:4      | Found an opulent altar of Gozag.
  4421 | D:4      | Found a transporter.
  4442 | D:4      | Noticed an ogre
  4494 | D:3      | Reached XP level 6. HP: 21/48 MP: 10/14
  4706 | D:4      | Noticed Blork the orc
  4851 | D:4      | You fall into a shaft and drop 2 floors!
  4904 | D:5      | Entered Level 5 of the Dungeon
  4921 | D:5      | Found a staircase to the Ecumenical Temple.
  4932 | Temple   | Entered the Ecumenical Temple
  5174 | Temple   | Became a worshipper of Ashenzari the Shackled
  5249 | D:5      | Found a sparkling altar of Nemelex Xobeh.
  5721 | D:4      | Found a transporter.
  5733 | D:4      | Found a one-way gate to the infinite horrors of the Abyss.
  5876 | D:4      | Your scales start taking on an icy white colour.
  5876 | D:4      | Reached XP level 7. HP: 49/55 MP: 6/16
  5876 | D:4      | Gained mutation: Your flesh is cold resistant. (rC+) [White
                  | Draconian growth]
  6067 | D:4      | Killed Blork the orc
  6163 | D:5      | Reached skill level 3 in Fighting
  6441 | D:5      | Reached skill level 4 in Fighting
  6441 | D:5      | Reached skill level 1 in Evocations
  6593 | D:5      | Found Feapnarucw's Book Emporium.
  6668 | D:5      | Found a white marble altar of Elyvilon.
  6815 | D:5      | Reached XP level 8. HP: 61/66 MP: 13/17
  7118 | D:5      | Reached skill level 5 in Conjurations
  7480 | D:5      | Found an ornate altar of the Wu Jian Council.
  8398 | D:6      | Found a runed translucent door.
  8399 | D:6      | Noticed polve's ghost (novice DsAK)
  8415 | D:6      | Found a runed translucent door.
  8498 | D:6      | Reached skill level 5 in Fighting
  9195 | D:7      | Reached * piety under Ashenzari
  9209 | D:7      | Found a transporter.
  9230 | D:7      | Found an iron altar of Okawaru.
  9300 | D:7      | Noticed Duvessa
  9300 | D:7      | Noticed Dowan
  9307 | D:7      | Noticed Menkaure
  9325 | D:7      | Found a transporter.
  9333 | D:7      | Killed Duvessa
  9334 | D:7      | Reached XP level 9. HP: 74/74 MP: 16/18
  9352 | D:7      | Noticed kae's ghost (novice DrTm)
  9352 | D:7      | Noticed a two-headed ogre
  9691 | D:7      | Identified Vairoep's Guide on Calling
  9694 | D:7      | Found a bloodstained altar of Trog.
  9706 | D:7      | Found a blossoming altar of Fedhas.
  9719 | D:7      | Noticed Harold
  9826 | D:7      | Killed Dowan
  9845 | D:7      | Killed Harold
  9846 | D:7      | Reached skill level 6 in Fighting
 10108 | D:7      | Killed Menkaure
 10109 | D:7      | Reached skill level 7 in Fighting
 10416 | D:7      | Noticed Maggie
 10431 | D:7      | Killed Maggie
 10432 | D:7      | Reached skill level 8 in Fighting
 10567 | D:7      | Reached ** piety under Ashenzari
 10616 | D:8      | Found a shimmering altar of Xom.
 10632 | D:8      | Reached *** piety under Ashenzari
 10637 | D:8      | Learned a level 3 spell: Conjure Flame
 10699 | D:8      | Reached skill level 5 in Dodging
 11339 | D:7      | Reached XP level 10. HP: 90/93 MP: 21/21
 12111 | D:8      | Noticed a green ugly thing
 12116 | D:8      | Identified the Grimoire of Dusty Shape Shifting
 12116 | D:8      | Noticed a manticore
 12206 | D:8      | Killed a green ugly thing
 12207 | D:8      | Reached skill level 9 in Fighting
 12231 | D:8      | Killed a manticore
 12920 | D:8      | Reached skill level 10 in Fighting
 13040 | D:8      | Found a radiant altar of Vehumet.
 14353 | D:8      | Found a staircase to the Lair.
 14849 | D:9      | Reached skill level 5 in Stealth
 15103 | D:9      | Noticed a two-headed ogre
 15131 | D:9      | Killed a two-headed ogre
 15515 | D:9      | Reached XP level 11. HP: 53/104 MP: 12/23
 15876 | D:10     | Entered Level 10 of the Dungeon
 16753 | D:10     | Found a staircase to the Orcish Mines.
 16794 | D:10     | Found a stormy altar of Qazlal.
 16796 | D:10     | Reached **** piety under Ashenzari
 16820 | D:10     | Found a snail-covered altar of Cheibriados.
 17021 | D:10     | Found a shimmering blue altar of Sif Muna.
 17030 | D:10     | Identified Sif Muna's Guide on Ice
 17047 | D:10     | Learned a level 1 spell: Freeze
 17182 | D:11     | Noticed a two-headed ogre
 17205 | D:11     | Reached skill level 5 in Evocations
 17219 | D:11     | HP: 3/105 [two-headed ogre/+0 giant club (21)]
 17224 | D:11     | Killed a two-headed ogre
 17730 | D:11     | Noticed Snorg
 18349 | D:11     | Killed Snorg
 18903 | D:11     | HP: 5/105 [manticore (3)]
 18904 | D:11     | Slain by a manticore

Illustrated notes

Levels and vault maps discovered:
D:1:      heliophobic_arrival_henge, layout_loops_ring,
          hellmonk_ecumenical_altar_heavens_door
D:2:      layout_basic, uniq_crazy_yiuf_cottage
D:3:      layout_loops_cross, minmay_misc_feat_iff
D:4:      layout_rooms, kennysheep_mini_moat, old_standard_altar,
          serial_aquarium, aquarium_bridge_straight [aquarium_subvault_bridge,
          aquarium_subvault_window, aquarium_subvault_bridge,
          aquarium_subvault_wall], aquarium_bridge_straight
          [aquarium_subvault_bridge, aquarium_subvault_wall,
          aquarium_subvault_bridge, aquarium_subvault_balcony],
          aquarium_window_corner, aquarium_window_corridor_3, aquarium_view_2b,
          aquarium_view_2b, aquarium_pool_S, gammafunk_ghost_abyssal_escape,
          minmay_cupped, uniq_blork_the_orc
D:5:      layout_cave_pods, lemuel_round_altar, lemuel_tele_altar,
          elyvilon_altar_1, minmay_temple_entry_large_hall, serial_shops, shop,
          minmay_chambers_of_fives
D:6:      layout_basic, ebering_ghost_sewer_f, serial_bayou_pond_a
D:7:      layout_gridville, fedhas_bush_and_centaur_altar,
          nicolae_overflow_crystal_walls, bloody_trog, gammafunk_ghost_smash,
          grunt_ministairs_15, chequers_serial_rivers_micro_a,
          minmay_strange_pillars, minmay_misc_feat_columns, uniq_harold,
          uniq_duvessa, uniq_menkaure, uniq_maggie
D:8:      layout_basic, lemuel_crystal_altar, lemuel_round_altar,
          erik_lair_dragon, minivault_4, minmay_diamond_spiral
D:9:      layout_cave_pools
D:10:     layout_irregular_city, grunt_temple_overflow_open, led_sif_book,
          david_orc_3, serial_glass, glass_columns_a, glass_columns_b,
          glass_columns_a, glass_columns_b
D:11:     layout_basic, kennysheep_vampire_church, uniq_snorg
Temple:   jpeg_temple_island

Skill      XL: |  1  2  3  4  5  6  7  8  9 10 11 |
---------------+----------------------------------+-----
Spellcasting   | 4 5 6 7 |  7.7
Dodging        | 2 3 5 6 8 |  8.0
Fighting       | 1 2 4 5 8 10 | 10.2
Conjurations   | 2 4 6 7 |  7.3
Stealth        | 2 3 4 6 |  6.0
Translocations | 2 |  2.0
Evocations     | 4 6 |  6.0
Ice Magic      | 2 |  2.8
Summonings     | |  1.0

Action                   |  1- 3 |  4- 6 |  7- 9 | 10-12 || total
-------------------------+-------+-------+-------+-------++-------
Melee: Dagger            |    67 |   195 |   415 |   469 ||  1146
       Tailslap          |     4 |    21 |    48 |    75 ||   148
Throw: Dart              |       |       |       |    16 ||    16
       Throwing net      |       |       |       |     3 ||     3
 Cast: Magic Dart        |    32 |    41 |    63 |    65 ||   201
       Call Imp          |       |     5 |    11 |    13 ||    29
       Blink             |       |     5 |     4 |    18 ||    27
       Conjure Flame     |       |       |       |    10 ||    10
       Freeze            |       |       |       |     2 ||     2
Invok: Curse Item        |       |       |     4 |     3 ||     7
       Shatter the Chain |       |       |       |     1 ||     1
 Abil: Breathe Frost     |       |       |     2 |     1 ||     3
Evoke: Wand              |       |       |     6 |    26 ||    32
  Use: Scroll            |     2 |     6 |     5 |     2 ||    15
       Potion            |       |       |     2 |     1 ||     3
 Stab: Sleeping          |     1 |     4 |     1 |     3 ||     9
       Paralysed         |       |       |     2 |     2 ||     4
Armor: Skin              |    27 |    58 |   266 |   223 ||   574
Dodge: Dodged            |    39 |   116 |   368 |   478 ||  1001

Table legend: (Time is in decaauts)
 A = Elapsed time spent in this place.
 B = Non-inter-level travel time spent in this place.
 C = Inter-level travel time spent in this place.
 D = Time resting spent in this place.
 E = Time spent auto-exploring this place.
 F = Levels seen in this place.
 G = Mean time per level.
                   A        B        C        D        E       F      G
               +--------+--------+--------+--------+--------+-----+--------+
         Total |  18950 |  18083 |    867 |   6631 |   8420 |  12 | 1579.2 |
       Dungeon |  18649 |  17819 |    830 |   6631 |   8161 |  11 | 1695.4 |
        Temple |    300 |    263 |     37 |      0 |    259 |   1 |  300.0 |
               +--------+--------+--------+--------+--------+-----+--------+

Top non-repeatable levels by time:
     D:8: 3624 daAuts
     D:5: 2093 daAuts
     D:7: 2043 daAuts
    D:11: 1749 daAuts
     D:3: 1480 daAuts
     D:6: 1472 daAuts
     D:2: 1392 daAuts
     D:1: 1338 daAuts
    D:10: 1273 daAuts
     D:4: 1127 daAuts
     D:9: 1054 daAuts
  Temple: 300 daAuts
